 Dungeon Crawl Stone Soup version 0.21-a0-94-gdd6ab6a (webtiles) character file.

895 tilp the Conjurer (level 8, 0/57 HPs)
             Began as a Hill Orc Fire Elementalist on July 1, 2017.
             Slain by Edmund
             ... wielding a +3 dire flail of draining
              (4 damage)
             ... on level 4 of the Dungeon.
             The game lasted 00:27:17 (6343 turns).

tilp the Conjurer (Hill Orc Fire Elementalist)      Turns: 6343, Time: 00:27:17

Health: 0/57       AC: 13    Str: 11    XL:     8   Next: 6%
Magic:  0/12       EV: 10    Int: 17    God:
Gold:   224        SH:  3    Dex: 11    Spells: 5/13 levels left

rFire    . . .     SeeInvis .   v - +1 mace (protect)
rCold    . . .     Gourm    .   y - +0 buckler
rNeg     . . .     Faith    .   t - +2 animal skin
rPois    .         Spirit   .   u - +0 helmet
rElec    .         Reflect  .   (no cloak)
rCorr    .         Harm     .   (no gloves)
MR       .....                  n - +0 pair of boots
Stlth    +.........             (no amulet)
HPRegen  0.19/turn              (no ring)
MPRegen  0.13/turn              (no ring)

@: protection aura, very slightly contaminated, extremely drained
A: no striking features
a: no special abilities


You were on level 4 of the Dungeon.
You were hungry.

You visited 1 branch of the dungeon, and saw 5 of its levels.

You collected 224 gold pieces.

Inventory:

Hand Weapons
 i - a +0 spear
 m - a +0 dagger
 r - a +0 mace
 v - a +1 mace of protection (weapon)
 C - a +2 quarterstaff of draining
 F - a +4 short sword
Armour
 a - a +0 robe
 n - a +0 pair of boots (worn)
 t - a +2 animal skin (worn)
 u - a +0 helmet (worn)
 y - a +0 buckler (worn)
Magical Staves
 D - an uncursed staff of energy
Jewellery
 h - an uncursed amulet of rage {unknown}
 K - an uncursed ring of ice {unknown}
Scrolls
 d - 4 scrolls of remove curse
 e - a scroll of immolation
 k - a scroll of enchant weapon {unknown}
 o - a scroll of recharging {unknown}
 p - a scroll of teleportation
 q - 2 scrolls of magic mapping
 s - a scroll of fog {unknown}
 w - a scroll of enchant armour {unknown}
 B - a scroll of amnesia {unknown}
 G - a scroll of identify
 I - 2 scrolls of blinking {unknown}
Potions
 f - a potion of mutation
 l - a potion of flight {unknown}
 z - a potion of resistance
 A - a potion of ambrosia {unknown}
 H - a potion of lignification {unknown}
Books
 b - a book of Flames

   Spells                             Type                      Level
   a - Flame Tongue                   Conjuration/Fire             1
   b - Throw Flame                    Conjuration/Fire             2
   c - Conjure Flame                  Conjuration/Fire             3
   d - Inner Flame                    Hexes/Fire                   3
   e - Sticky Flame                   Conjuration/Fire             4
   f - Fireball                       Conjuration/Fire             5
Comestibles
 c - 4 bread rations
 g - 3 royal jellies
 E - 2 meat rations


   Skills:
 - Level 1.5(0.0) Dodging
 - Level 1.5(0.0) Stealth
 - Level 0.4(0.0) Shields
 - Level 3.1(0.0) Spellcasting
 + Level 7.3(1.6) Conjurations
 - Level 5.0(0.0) Fire Magic


You had 5 spell levels left.
You knew the following spells:

 Your Spells              Type           Power        Failure   Level  Hunger
a - Flame Tongue          Conj/Fire      #....        28%         1    ##.....
b - Conjure Flame         Conj/Fire      #.......     65%         3    ####...
c - Sticky Flame          Conj/Fire      #.......     96%         4    #####..


Dungeon Overview and Level Annotations

Branches:
Dungeon (5/15)
 Temple: D:4-7

Altars:
Dithmenos
Makhleb
Nemelex Xobeh
Zin

Annotations:
D:4 Edmund, Grinder


Message History

Edmund barely misses you. You block Edmund's attack.
Casting: Flame Tongue
Confirm with . or Enter, or press ? or * to list all spells.
Aiming: Flame Tongue
Press: ? - help, Shift-Dir - straight line, f/p - Edmund
Aim: Edmund, wielding a dire flail of draining and wearing a runed scale mail (almost dead)
The flame tongue hits Edmund.
Edmund appears unharmed.
Edmund is almost dead.
Edmund misses you.
Casting: Flame Tongue
Confirm with . or Enter, or press ? or * to list all spells.
Aiming: Flame Tongue
Press: ? - help, Shift-Dir - straight line, f/p - Edmund
Aim: Edmund, wielding a dire flail of draining and wearing a runed scale mail (almost dead)
The flame tongue misses Edmund.
You hit Edmund but do no damage.
Your weapon exudes an aura of protection.
Edmund is almost dead.
Edmund hits you with a dire flail of draining.
You die...

....######
#.......###......
.........#
##.o.#...#....... #......#
#...........PPP.
#......#####..........P...
+.##........@.........PPPP
#.#######..............
#.#......#.........PPPP
#"#.####.#..#####..P...
#.#.#.@#.#>.# #..P.PP
#.#.#@##.#..# #..P...
#.#.#o...#..# ###P.PP
#.#.######..# #P.P.
#.........#


#P.PP ########.## ##.#. #.# #... #.###########. #............. You could see
Edmund and an orc.

Vanquished Creatures
  A sky beast (D:3)
  2 ogres (D:4)
  Blork the orc (D:4)
  A scorpion (D:4)
  2 hounds (D:4)
  An orc priest (D:4)
  A gnoll shaman (D:4)
  2 bullfrog skeletons (D:4)
  Terence (D:2)
  An orc wizard (D:4)
  4 worker ants (D:4)
  A hound skeleton (D:4)
  Robin (D:2)
  7 adders
  2 oozes (D:1)
  6 worms
  2 dart slugs
  3 leopard geckos
  9 orcs
  A ball python (D:2)
  11 bats
  5 giant cockroaches
  10 hobgoblins
  3 jackals
  2 quokkas
  A frilled lizard (D:3)
  13 goblins
  4 kobolds
  11 rats
109 creatures vanquished.

Notes
Turn   | Place    | Note
-------+----------+-------------------------------------------
     0 | D:1      | tilp the Hill Orc Fire Elementalist began the quest for the Orb.
     0 | D:1      | Reached XP level 1. HP: 14/14 MP: 3/3
   398 | D:1      | Reached XP level 2. HP: 20/20 MP: 5/5
  1197 | D:1      | Reached XP level 3. HP: 16/26 MP: 7/7
  1211 | D:1      | Learned a level 3 spell: Conjure Flame
  1702 | D:2      | Reached XP level 4. HP: 29/33 MP: 0/8
  1725 | D:2      | Learned a level 4 spell: Sticky Flame
  1728 | D:2      | Found a sparkling altar of Nemelex Xobeh.
  1876 | D:2      | Noticed Terence
  1929 | D:2      | Killed Terence
  1929 | D:2      | Reached skill level 2 in Conjurations
  2832 | D:2      | Reached XP level 5. HP: 38/38 MP: 7/9
  3012 | D:2      | Noticed Robin
  3105 | D:2      | Reached skill level 3 in Conjurations
  3231 | D:2      | Killed Robin
  3587 | D:2      | Found a burning altar of Makhleb.
  4085 | D:3      | Found a shadowy altar of Dithmenos.
  4269 | D:3      | Found a faded altar of an unknown god.
  4297 | D:3      | Found a glowing silver altar of Zin.
  4546 | D:3      | Noticed a sky beast
  4555 | D:3      | Killed a sky beast
  4555 | D:3      | Reached skill level 5 in Fire Magic
  4555 | D:3      | Reached XP level 6. HP: 22/45 MP: 5/10
  4807 | D:4      | Reached skill level 4 in Conjurations
  4903 | D:4      | Noticed Blork the orc
  4940 | D:4      | Killed Blork the orc
  4940 | D:4      | Reached XP level 7. HP: 49/50 MP: 3/11
  4972 | D:4      | Found a shadowy altar of Dithmenos.
  5246 | D:4      | Reached skill level 5 in Conjurations
  5538 | D:4      | Reached skill level 6 in Conjurations
  5731 | D:4      | Noticed Grinder
  5757 | D:4      | Paralysed by Grinder for 6 turns
  5787 | D:4      | Paralysed by Grinder for 2 turns
  6057 | D:4      | Noticed Edmund
  6161 | D:5      | Entered Level 5 of the Dungeon
  6161 | D:5      | Noticed a hippogriff
  6161 | D:5      | Noticed a troll
  6191 | D:4      | Reached skill level 7 in Conjurations
  6213 | D:4      | Reached XP level 8. HP: 49/57 MP: 4/12
  6343 | D:4      | Slain by Edmund

Vault maps used:
D:1:      dpeg_arrival_boxorama
D:2:      overflow_temple_1_default, makhleb_grotto_becter, first_bread,
          uniq_terence, uniq_robin
D:3:      marbit_many_paths, old_standard_altar,
          chequers_ecumenical_altar_simple_redux
D:4:      cheibrodos_barr_body, supply_closet_lemuel, minmay_hedge_maze,
          hangedman_decor_riveting, nicolae_dithmenos_shadow_blocks,
          uniq_blork_the_orc, uniq_sigmund, uniq_grinder, uniq_edmund
D:5:      grunt_temple_overflow_open, minmay_temple_entry_mist, uniq_ijyb

Skill      XL: |  1  2  3  4  5  6  7 |
---------------+----------------------+-----
Spellcasting   | 2 3 |  3.1
Conjurations   | 2 3 4 7 |  7.3
Fire Magic     | 5 |  5.0
Dodging        | |  1.5
Stealth        | |  1.5
Shields        | |  0.4

Action                   |  1- 3 |  4- 6 |  7- 9 || total
-------------------------+-------+-------+-------++-------
Melee: Spear             |    20 |       |       ||    20
       Unarmed           |     1 |       |       ||     1
       Dagger            |    18 |   108 |       ||   126
       Mace              |    31 |    60 |    59 ||   150
 Cast: Flame Tongue      |    23 |   100 |    37 ||   160
       Sticky Flame      |       |     2 |    11 ||    13
       Conjure Flame     |       |       |     5 ||     5
  Use: Potion            |     3 |       |     2 ||     5
       Scroll            |       |     2 |     4 ||     6
 Stab: Sleeping          |     2 |     4 |     1 ||     7
  Eat: Chunk             |     3 |     9 |     7 ||    19
       Royal jelly       |       |     1 |       ||     1
Armor: Robe              |    17 |    31 |       ||    48
       Animal skin       |       |    19 |    37 ||    56
Dodge: Dodged            |    67 |   128 |    47 ||   242
Block: Buckler           |       |     3 |    16 ||    19
